 Dungeon Crawl Stone Soup version 0.21-a0-538-gd16b88a (webtiles) character file.

44980 kiturien the Peltast (level 14, -2/88 HPs)
             Began as a Gargoyle Fighter on Dec 14, 2017.
             Was the Champion of the Shining One.
             Slain by a white ugly thing (13 damage)
             ... on level 15 of the Dungeon on Dec 15, 2017.
             The game lasted 00:59:16 (16040 turns).

kiturien the Peltast (Gargoyle Fighter)            Turns: 16040, Time: 00:59:16

Health: -2/88      AC: 42    Str: 33 (34) XL:     14   Next: 31%
Magic:  14/14      EV: 14    Int: 18 (19) God:    the Shining One [******]
Gold:   385        SH: 15    Dex: 14      Spells: 13/13 levels left

rFire    + + +     SeeInvis .   h - +3 whip (venom)
rCold    . . .     Gourm    +   c - +0 shield
rNeg     + + +     Faith    .   b - +8 chain mail of Love and Death {-Cast rPois rF+++ Int+4}
rPois    ∞         Spirit   .   (no helmet)
rElec    +         Reflect  .   H - +2 cloak {rPois}
rCorr    .         Harm     .   Q - +0 pair of fencer's gloves {+Riposte Dex+3}
MR       +....     Clarity  +   z - +1 pair of boots "Vuqyl" {*Slow rPois Regen+ Str+9} Stlth ..........NoCast +
                                K - amulet of the gourmand
HPRegen  0.64/turn              q - +4 ring of strength
MPRegen  0.14/turn              r - +5 ring of protection

@: flying, glowing
A: big wings, agile 1, clarity, clever 1, deterioration 1, negative energy
resistance 1, electricity resistance, unbreathing, petrification resistance, rot
immunity, sturdy frame 1, AC +10
a: Stop Flying, Divine Shield, Cleansing Flame, Summon Divine Warrior, Brand
Weapon With Holy Wrath, Renounce Religion


You were on level 15 of the Dungeon.
You worshipped the Shining One.
The Shining One was exalted by your worship.
You were very full.

You visited 1 branch of the dungeon, and saw 15 of its levels.
You visited the Abyss 1 time.

You collected 1041 gold pieces.
You spent 656 gold pieces at shops.

Inventory:

Hand Weapons
 h - a +3 whip of venom (weapon)
 L - a +4 eveningstar of flaming
Armour
 b - the +8 chain mail of Love and Death (worn) {-Cast rPois rF+++ Int+4}
   (You found it on level 11 of the Dungeon)

   It affects your intelligence (+4).
   It renders you almost immune to fire.
   It protects you from poison.
   It prevents spellcasting.
 c - a +0 shield (worn)
 o - a +2 pair of gloves
 z - the +1 pair of boots "Vuqyl" (worn) {*Slow rPois Regen+ Str+9}
   (You found it on level 12 of the Dungeon)

   It affects your strength (+9).
   It protects you from poison.
   It increases your rate of regeneration.
   It may slow you when you take damage.
 H - a +2 cloak of poison resistance (worn)
 N - a +0 pair of boots
 Q - the +0 pair of fencer's gloves (worn) {+Riposte Dex+3}
   (You bought it in a shop on level 11 of the Dungeon)

   It affects your dexterity (+3).
Jewellery
 j - a +2 ring of intelligence
 q - a +4 ring of strength (left hand)
 r - a +5 ring of protection (right hand)
 t - a +2 ring of strength
 K - an amulet of the gourmand (around neck)
 P - an uncursed amulet of regeneration
 V - an uncursed amulet of magic regeneration
Wands
 k - a wand of paralysis (19)
 E - a wand of scattershot (3)
 G - a wand of acid (5)
 J - a wand of disintegration (15)
 O - a wand of digging (10)
Scrolls
 e - 4 scrolls of magic mapping
 g - 8 scrolls of remove curse
 m - 5 scrolls of teleportation
 u - 2 scrolls of immolation
 w - 2 scrolls of fear
 D - a scroll of amnesia
 R - a scroll of identify
 U - a scroll of enchant weapon
Potions
 d - 3 potions of might
 i - a potion of degeneration {unknown}
 n - 3 potions of agility
 p - a potion of magic
 s - a potion of haste
 x - 3 potions of lignification
 A - 2 potions of resistance
 I - a potion of mutation {unknown}
Books
 y - a book of Air

   Spells                             Type                      Level
   a - Shock                          Conjuration/Air              1
   b - Swiftness                      Charms/Air                   2
   c - Static Discharge               Conjuration/Air              3
   d - Airstrike                      Air                          4
   e - Lightning Bolt                 Conjuration/Air              5
 C - a book of Clouds

   Spells                             Type                      Level
   a - Poisonous Vapours              Poison/Air                   2
   b - Mephitic Cloud                 Conjuration/Poison/Air       3
   c - Conjure Flame                  Conjuration/Fire             3
   d - Freezing Cloud                 Conjuration/Ice/Air          6
   e - Ring of Flames                 Charms/Fire                  7
 F - a book of Geomancy

   Spells                             Type                      Level
   a - Sandblast                      Earth                        1
   b - Passwall                       Transmutation/Earth          2
   c - Stone Arrow                    Conjuration/Earth            3
   d - Petrify                        Transmutation/Earth          4
   e - Lee's Rapid Deconstruction     Earth                        5
 M - a book of Conjurations

   Spells                             Type                      Level
   a - Magic Dart                     Conjuration                  1
   b - Searing Ray                    Conjuration                  2
   c - Dazzling Spray                 Conjuration/Hexes            3
   d - Fulminant Prism                Conjuration/Hexes            4
   e - Force Lance                    Conjuration/Translocation    4
   f - Iskenderun's Mystic Blast      Conjuration                  4
Comestibles
 a - 11 royal jellies
 f - 9 bread rations
 v - 7 meat rations
 B - 4 fruits
 S - 2 chunks of flesh


   Skills:
 * Level 10.5 Fighting
 * Level 12.7 Maces & Flails
 * Level 10.8 Armour
 * Level 7.4 Dodging
 * Level 15.0 Shields
 * Level 0.4 Spellcasting
 * Level 0.5 Invocations


You had 13 spell levels left.
You didn't know any spells.

Dungeon Overview and Level Annotations

Branches:
Dungeon (15/15)            Temple (0/1) D:6            Lair (0/6) D:8
    Orc (0/2) D:11         Vaults (0/5) D:13
 Depths: D:15

Altars:
Cheibriados
Dithmenos
Elyvilon
Makhleb
Okawaru
Sif Muna
Uskayaw
Wu Jian
Xom
The Shining One

Shops:
D:8 *   D:9 [   D:11 ?[


Innate Abilities, Weirdness & Mutations

You are resistant to torment.
Your stone body is resilient. (AC +10)
You are immune to poison.
Your large and strong wings let you fly indefinitely.
You resist negative energy. (rN+)
You are resistant to electric shocks. (rElec)
You can survive without breathing.
You are immune to petrification.
You are immune to rotting.
You are agile. (Dex +2)
You possess an exceptional clarity of mind.
Your mind is acute. (Int +2)
Your body sometimes deteriorates upon taking damage.
Your movements are slightly less encumbered by armour. (ER -2)


Message History

The white ugly thing barely misses you.
The brown ugly thing kicks you but does no damage.
You barely miss the white ugly thing.
The white ugly thing is severely wounded.
You hit the white ugly thing but do no damage.
The white ugly thing looks as sick as possible!
The white ugly thing is severely wounded.
The white ugly thing kicks you but does no damage.
The brown ugly thing misses you.
You hit the white ugly thing but do no damage.
The white ugly thing looks as sick as possible!
The white ugly thing is severely wounded.
You hit the white ugly thing.
The white ugly thing is severely wounded.
The white ugly thing misses you.
You block the brown ugly thing's attack.
You feel better. The white ugly thing kicks you.
* * * LOW HITPOINT WARNING * * *
The white ugly thing freezes you!
You die...

...≈≈♣<.......≈P .≈♣
#....P.........♣≈P.≈♣
#..............♣P≈.≈♣
..............≈≈≈≈.P♣
......}.......≈PP≈.≈≈
####.........#♣u≈≈.≈≈
#.........#;uP≈.P≈
#......u††#;≈≈≈.≈P
#.......@u..♣ Z≈≈
###########..♣ ≈≈
#..≈. ≈ #....# ....#
####


You could see 2 ugly things and an electric eel.

Vanquished Creatures
  A great orb of eyes (Abyss:2)
  2 rakshasas
  2 vault guards (D:13)
  2 hydras
  Erica (D:10)
  A centaur warrior (D:13)
  8 two-headed ogres
  2 large abominations (Abyss:2)
  Urug (D:10)
  A sun demon (Abyss:2)
  2 thrashing horrors (Abyss:2)
  A glowing orange brain (shapeshifter) (Abyss:2)
  5 unseen horrors
  2 necromancers (D:13)
  3 wizards (D:13)
  6 ugly things
  A wolf spider (D:14)
  2 deep elf magi (D:12)
  2 manticores
  A golden dragon skeleton (Abyss:2)
  A cyclops (D:11)
  2 smoke demons (Abyss:2)
  A komodo dragon (D:12)
  2 kobold demonologists
  A redback zombie (D:14)
  A tengu conjurer (D:13)
  2 ancient zymes (Abyss:2)
  A queen bee (D:8)
  2 trolls
  2 hornets
  A hornet (shapeshifter) (D:11)
  Prince Ribbit (D:6)
  A raiju (Abyss:2)
  7 hippogriffs
  Sigmund (D:5)
  A shadow (D:13)
  4 wyverns
  3 yaks (D:12)
  A wraith (D:14)
  17 humans (D:13)
  2 hungry ghosts
  A steam dragon (D:13)
  A chaos spawn (Abyss:2)
  3 acid dragons
  Edmund (D:6)
  2 hell hounds (D:8)
  4 sky beasts
  9 orc warriors
  4 ice beasts
  A phantom (D:14)
  4 ogres
  A black bear (D:10)
  9 centaurs
  2 crocodiles (D:14)
  15 big kobolds
  12 bullfrogs
  2 wyvern zombies (D:14)
  2 wyvern skeletons
  5 scorpions
  13 wights
  29 killer bees
  11 howler monkeys
  2 centaur zombies
  4 crimson imps
  4 quasits
  12 hounds
  2 bullfrog skeletons
  9 orc priests
  Crazy Yiuf (D:7)
  2 centaur skeletons
  7 jellies
  Natasha (thrice) (D:4)
  An iguana (D:11)
  9 orc wizards
  17 worker ants
  A killer bee zombie (D:7)
  2 hound skeletons
  A howler monkey skeleton (D:10)
  11 adders
  3 gnolls
  A shadow imp (D:12)
  An ooze (D:2)
  3 adder skeletons
  3 worms
  2 dart slugs
  5 leopard geckos
  53 orcs
  2 ball pythons
  2 giant cockroaches
  8 goblins
  8 hobgoblins
  8 jackals
  14 kobolds
  4 quokkas
  3 bats
  4 frilled lizards
  2 jackal skeletons
  A quokka zombie (D:10)
  4 rats
  A fungus (D:7)
451 creatures vanquished.

Vanquished Creatures (others)
  4 plants (D:15)
4 creatures vanquished.

Grand Total: 455 creatures vanquished

Notes
Turn   | Place    | Note
-------+----------+-------------------------------------------
     0 | D:1      | kiturien the Gargoyle Fighter began the quest for the Orb.
     0 | D:1      | Reached XP level 1. HP: 14/14 MP: 1/1
   322 | D:1      | Reached XP level 2. HP: 16/19 MP: 2/2
   790 | D:1      | Reached XP level 3. HP: 23/23 MP: 3/3
  1145 | D:2      | Reached XP level 4. HP: 28/29 MP: 4/4
  1360 | D:2      | Reached skill level 4 in Shields
  1878 | D:3      | Reached skill level 1 in Dodging
  1904 | D:3      | Reached XP level 5. HP: 33/33 MP: 5/5
  1905 | D:3      | Found a glowing golden altar of the Shining One.
  2197 | D:3      | Became a worshipper of the Shining One
  2618 | D:4      | Noticed an ogre
  2627 | D:4      | Killed an ogre
  2627 | D:4      | Reached XP level 6. HP: 20/38 MP: 6/6
  3172 | D:4      | Noticed Natasha
  3178 | D:4      | Killed Natasha
  3248 | D:4      | Found an ornate altar of the Wu Jian Council.
  3580 | D:4      | Noticed Natasha
  3886 | D:5      | Entered Level 5 of the Dungeon
  3900 | D:5      | Reached skill level 5 in Shields
  3939 | D:5      | Reached XP level 7. HP: 40/43 MP: 7/7
  3991 | D:5      | Found a burning altar of Makhleb.
  4011 | D:5      | Reached skill level 5 in Armour
  4209 | D:5      | Noticed Sigmund
  4223 | D:5      | Killed Sigmund
  4223 | D:5      | Reached skill level 5 in Maces & Flails
  4270 | D:5      | Found a shadowy altar of Dithmenos.
  4272 | D:5      | Found a snail-covered altar of Cheibriados.
  4333 | D:5      | Reached * piety under the Shining One
  4506 | D:5      | Found a white marble altar of Elyvilon.
  4551 | D:5      | Reached XP level 8. HP: 48/48 MP: 8/8
  4724 | D:4      | Killed Natasha
  4824 | D:4      | Noticed Natasha
  4833 | D:4      | Killed Natasha
  4909 | D:6      | Found an iron altar of Okawaru.
  5021 | D:6      | Noticed Prince Ribbit
  5043 | D:6      | Killed Prince Ribbit
  5189 | D:6      | Reached skill level 6 in Shields
  5216 | D:6      | Reached skill level 5 in Fighting
  5288 | D:6      | Found a staircase to the Ecumenical Temple.
  5324 | D:6      | Noticed Edmund
  5335 | D:6      | Killed Edmund
  5514 | D:6      | Found a hide-covered altar of Uskayaw.
  5530 | D:6      | Reached XP level 9. HP: 28/54 MP: 9/9
  6050 | D:7      | Found a runed door.
  6054 | D:7      | Noticed Crazy Yiuf
  6061 | D:7      | Killed Crazy Yiuf
  6128 | D:7      | Reached ** piety under the Shining One
  6272 | D:7      | Found a deep blue altar of Sif Muna.
  6357 | D:7      | Found a shimmering altar of Xom.
  6586 | D:8      | Reached skill level 7 in Shields
  6876 | D:8      | Found a staircase to the Lair.
  7085 | D:8      | Reached *** piety under the Shining One
  7102 | D:8      | Reached XP level 10. HP: 16/60 MP: 10/10
  7336 | D:8      | Reached skill level 8 in Shields
  7345 | D:8      | Noticed a two-headed ogre
  7360 | D:8      | Killed a two-headed ogre
  7451 | D:8      | Found Puru's Assorted Antiques.
  7558 | D:9      | Noticed a two-headed ogre
  7975 | D:8      | Gained mutation: You are agile. (Dex +2) [mutagenic meat]
  8112 | D:9      | Killed a two-headed ogre
  8112 | D:9      | Reached skill level 9 in Shields
  8190 | D:9      | Noticed a two-headed ogre
  8281 | D:9      | Killed a two-headed ogre
  8281 | D:9      | Reached XP level 11. HP: 35/67 MP: 11/11
  8356 | D:9      | Reached skill level 5 in Dodging
  8668 | D:9      | Gained mutation: Your mind is acute. (Int +2) [mutagenic meat]
  8669 | D:9      | Gained mutation: You have supernaturally acute eyesight. (SInv) [mutagenic meat]
  8684 | D:9      | Gained mutation: Your movements are slightly less encumbered by armour. (ER -2) [mutagenic meat]
  9089 | D:9      | Found Razoaw's Antique Armour Shop.
  9306 | D:10     | Entered Level 10 of the Dungeon
  9461 | D:10     | Noticed Urug
  9493 | D:10     | Killed Urug
  9493 | D:10     | Reached skill level 10 in Maces & Flails
  9493 | D:10     | Reached skill level 10 in Shields
  9709 | D:10     | Noticed Erica
  9709 | D:10     | Reached **** piety under the Shining One
  9742 | D:10     | Killed Erica
 10260 | D:10     | Noticed a soul eater
 10630 | D:11     | Noticed a cyclops
 10651 | D:11     | Killed a cyclops
 10747 | D:11     | Got a slimy chain mail
 10758 | D:11     | Identified the +8 chain mail of Love and Death {-Cast rPois rF+++ Int+4} (You found it on level 11 of the Dungeon)
 10908 | D:11     | Noticed an unseen horror
 10917 | D:11     | Killed an unseen horror
 10917 | D:11     | Reached skill level 11 in Shields
 10919 | D:11     | Upgraded the game from 0.21-a0-536-gdbbf329 to 0.21-a0-538-gd16b88a
 11139 | D:11     | Noticed an unseen horror
 11153 | D:11     | Killed an unseen horror
 11153 | D:11     | Reached XP level 12. HP: 73/73 MP: 12/12
 11489 | D:11     | Noticed a two-headed ogre
 11521 | D:11     | Killed a two-headed ogre
 11596 | D:11     | Reached ***** piety under the Shining One
 11609 | D:11     | Found Byab Apn's Magic Scroll Emporium.
 11621 | D:11     | Bought a scroll of identify for 28 gold pieces
 11621 | D:11     | Bought a scroll of identify for 28 gold pieces
 11659 | D:11     | Found Zetwaa's Armour Shop.
 11660 | D:11     | Found a staircase to the Orcish Mines.
 11677 | D:11     | Bought the +0 pair of fencer's gloves {+Riposte Dex+3} for 600 gold pieces
 11677 | D:11     | Found the +0 pair of fencer's gloves {+Riposte Dex+3}
 11996 | D:12     | Noticed a two-headed ogre
 12023 | D:12     | Killed a two-headed ogre
 12023 | D:12     | Reached skill level 12 in Shields
 12025 | D:12     | HP: 3/75 [acid (19)]
 12544 | D:12     | Noticed a two-headed ogre
 12557 | D:12     | Killed a two-headed ogre
 12927 | D:12     | Got a pair of slimy boots
 12938 | D:12     | Identified the +1 pair of boots "Vuqyl" {*Slow rPois Regen+ Str+9} (You found it on level 12 of the Dungeon)
 13158 | D:13     | Noticed a two-headed ogre
 13177 | D:13     | Killed a two-headed ogre
 13276 | D:13     | Reached XP level 13. HP: 80/80 MP: 13/13
 13321 | D:13     | Reached skill level 13 in Shields
 13373 | D:13     | Found a gate to the Vaults.
 13373 | D:13     | Noticed a vault guard
 13373 | D:13     | Noticed a vault guard
 13388 | D:13     | Cast into level 2 of the Abyss (a wizard)
 13440 | Abyss:2  | Noticed a great orb of eyes
 13440 | Abyss:2  | Paralysed by a great orb of eyes for 3 turns
 13455 | Abyss:2  | Killed a great orb of eyes
 13485 | Abyss:2  | Lost mutation: You have supernaturally acute eyesight. (SInv) [a shining eye]
 13557 | Abyss:2  | Reached skill level 10 in Armour
 13684 | Abyss:2  | Noticed a starcursed mass
 13697 | Abyss:2  | HP: 3/80 [starcursed mass/accursed screaming (6)]
 13708 | Abyss:2  | Noticed a bone dragon
 13708 | Abyss:2  | Paralysed by accursed screaming for 1 turns
 13755 | Abyss:2  | Reached ****** piety under the Shining One
 13807 | Abyss:2  | Gained mutation: Your body sometimes deteriorates upon taking damage. [a shining eye]
 13809 | Abyss:2  | Gained mutation: You possess an exceptional clarity of mind. [a shining eye]
 13814 | D:13     | Escaped the Abyss
 13870 | D:13     | Killed a vault guard
 13882 | D:13     | Killed a vault guard
 13959 | D:13     | Reached skill level 14 in Shields
 14024 | D:13     | Found an iron altar of Okawaru.
 14581 | D:13     | Noticed a rakshasa
 14617 | D:13     | Reached skill level 10 in Fighting
 14657 | D:13     | Killed a rakshasa
 15071 | D:14     | Gained mutation: Your large and strong wings let you fly indefinitely. [Gargoyle growth]
 15071 | D:14     | Reached XP level 14. HP: 88/88 MP: 14/14
 15938 | D:15     | Entered Level 15 of the Dungeon
 15981 | D:15     | Reached skill level 15 in Shields
 16027 | D:15     | HP: 1/88 [white ugly thing (30)]
 16040 | D:15     | Slain by a white ugly thing

Vault maps used:
D:1:      roderic_octagonal_star
D:3:      nicolae_overflow_crystal_walls
D:4:      kennysheep_mini_moat, serial_co_window_serial, co_window_paths_b,
          co_window_corner_a, co_window_corner_a, co_window_of_opportunity_a,
          co_window_of_opportunity_a, co_window_paths_b, co_window_corner_a,
          co_window_corner_b, co_window_paths_c, co_window_corner_b,
          co_window_cross_2, co_window_corner_b, co_window_corner_b,
          co_window_corner_ca, co_window_4corner_b, glass_columns_a,
          first_bread, uniq_natasha
D:5:      lemuel_crystal_altar, minitemple, elyvilon_altar_1, uniq_sigmund
D:6:      lemuel_crystal_altar, minmay_temple_entry_purple_smoke,
          okawaru_altar_gauntlet_db, uniq_prince_ribbit1, uniq_edmund
D:7:      nicolae_overflow_hidden_temple, overflow_temple_1_default,
          led_sif_pool, uniq_crazy_yiuf_cottage
D:8:      minmay_lair_entry_lava, serial_shops, shop, david_nohive_1
D:9:      serial_shops, shop, hangedman_abyss_or_decor_stabs,
          minmay_misc_feat_columns
D:10:     special_room, uniq_erica, uniq_urug
D:11:     orc_david_3, serial_shops, nicolae_shop_competitors_out_of_business,
          kennysheep_pointless_box, wad_mini_maze
D:13:     grunt_vaults_entry_tiered, basic_altar, lab_entry_generic
D:14:     grunt_ministairs_15
D:15:     grunt_enter_depths_hoard, serial_bayou_lagoon_b, uniq_agnes

Skill      XL: |  1  2  3  4  5  6  7  8  9 10 11 12 13 14 |
---------------+-------------------------------------------+-----
Shields        | 4 5 6 7 9 11 12 14 15 | 15.0
Maces & Flails | 3 4 5 6 8 9 10 11 12 | 12.7
Dodging        | 1 2 3 4 5 6 7 |  7.4
Fighting       | 4 5 6 7 8 9 10 | 10.5
Armour         | 4 5 6 7 8 9 10 | 10.8
Spellcasting   | |  0.4
Invocations    | |  0.5

Action                   |  1- 3 |  4- 6 |  7- 9 | 10-12 | 13-15 || total
-------------------------+-------+-------+-------+-------+-------++-------
Melee: Flail             |   107 |       |       |       |       ||   107
       Whip              |       |   171 |   431 |  1000 |   812 ||  2414
Invok: Divine Shield     |       |       |       |     1 |       ||     1
 Abil: Fly               |       |       |       |       |     1 ||     1
  Use: Scroll            |     3 |     4 |     7 |    11 |     4 ||    29
       Potion            |     3 |     1 |     3 |     1 |    10 ||    18
  Eat: Chunk             |     1 |     8 |     8 |    42 |    11 ||    70
       Fruit             |       |     1 |       |       |       ||     1
       Royal jelly       |       |       |     1 |       |       ||     1
Armor: Scale mail        |    42 |    61 |   180 |    25 |       ||   308
       Ring mail         |       |       |       |   219 |       ||   219
       Chain mail        |       |       |       |   161 |   304 ||   465
Dodge: Dodged            |    31 |    36 |   141 |   339 |   336 ||   883
Block: Shield            |    53 |    63 |   192 |   588 |   539 ||  1435
       Rpst.: Whip       |       |       |       |    13 |    93 ||   106

Table legend:
 A = Spawn XP
 B = Non-spawn XP
 C = Spawn XP percentage of total XP
 D = Spawn monster count
 E = Non-spawn monster count
 F = Spawn count percentage of total count
 G = Total turns spent on level
                    A         B        C        D         E        F      G
               +---------+---------+-------+---------+---------+-------+---------
         Total |    3786 |   60472 |   5.9 |       7 |     443 |   1.6 | 16040
               +---------+---------+-------+---------+---------+-------+---------
           D:1 |       0 |      39 |   0.0 |       0 |      15 |   0.0 |   955
           D:2 |       0 |      94 |   0.0 |       0 |      21 |   0.0 |   807
           D:3 |       0 |      66 |   0.0 |       0 |      18 |   0.0 |   798
           D:4 |       0 |     405 |   0.0 |       0 |      16 |   0.0 |  1455
           D:5 |       0 |     791 |   0.0 |       0 |      15 |   0.0 |   866
           D:6 |       0 |     972 |   0.0 |       0 |      25 |   0.0 |  1083
           D:7 |       0 |     989 |   0.0 |       0 |      18 |   0.0 |   830
           D:8 |       0 |    4381 |   0.0 |       0 |      51 |   0.0 |  1380
           D:9 |       0 |    3214 |   0.0 |       0 |      23 |   0.0 |  1132
          D:10 |       0 |    4855 |   0.0 |       0 |      51 |   0.0 |  1281
          D:11 |       0 |    6147 |   0.0 |       0 |      55 |   0.0 |  1666
          D:12 |       0 |    6295 |   0.0 |       0 |      24 |   0.0 |   884
          D:13 |       0 |   17039 |   0.0 |       0 |      64 |   0.0 |  1452
          D:14 |       0 |    9147 |   0.0 |       0 |      35 |   0.0 |   923
          D:15 |       0 |    2176 |   0.0 |       0 |       5 |   0.0 |   102
       Abyss:2 |    3786 |    3862 |  49.5 |       7 |       7 |  50.0 |   426
               +---------+---------+-------+---------+---------+-------+---------
